 Dungeon Crawl Stone Soup version 0.23.2-40-g277498a001 (webtiles) character file.

Game seed: 13772000846483214846

730 Descartes the Blocker (level 8, 0/58 HPs)
             Began as a Formicid Fighter on Oct 5, 2019.
             Slain by an orc wizard
             ... wielding a +0 dagger
              (1 damage)
             ... on level 6 of the Dungeon.
             The game lasted 00:08:27 (3688 turns).

Descartes the Blocker (Formicid Fighter)            Turns: 3688, Time: 00:08:28

Health: 0/58       AC: 10    Str: 26    XL:     8   Next: 3%
Magic:  8/8        EV: 10    Int: 10    God:
Gold:   120        SH: 12    Dex: 10    Spells: 7/7 levels left

rFire    . . .     SeeInvis +   a - +0 war axe
rCold    . . .     Gourm    .   c - +0 shield
rNeg     . . .     Faith    .   b - +0 scale mail
rPois    +         Spirit   .   (helmet unavailable)
rElec    .         Reflect  .   k - +2 cloak
rCorr    .         Harm     .   (no gloves)
MR       .....                  (no boots)
Stlth    ..........             (no amulet)
HPRegen  0.19/turn              o - ring of poison resistance
MPRegen  0.11/turn              (no ring)

@: mighty
A: permanent stasis, dig shafts and tunnels, four strong arms, antennae 3
a: Dig, Shaft Self


You were on level 6 of the Dungeon.
You were not hungry.

You visited 1 branch of the dungeon, and saw 5 of its levels.

You collected 120 gold pieces.

Inventory:

Hand Weapons
 a - a +0 war axe (weapon)
 v - a +0 morningstar
Missiles
 p - 20 poisoned needles
 s - 96 stones (quivered)
 w - 4 javelins
 x - 4 tomahawks
Armour
 b - a +0 scale mail (worn)
 c - a +0 shield (worn)
 k - a +2 cloak (worn)
Jewellery
 o - a ring of poison resistance (left hand)
Wands
 u - a wand of disintegration (7)
Scrolls
 e - 3 scrolls of teleportation {unknown}
 g - a scroll of remove curse {unknown}
 i - 2 scrolls of fog {unknown}
 j - a scroll of enchant armour {unknown}
 l - 3 scrolls of identify {unknown}
 n - a scroll of enchant weapon {unknown}
 t - a scroll of immolation {unknown}
 y - a scroll of random uselessness {unknown}
Potions
 h - a potion of flight {unknown}
 m - a potion of agility {unknown}
 q - 2 potions of lignification {unknown}
 r - a potion of mutation {unknown}
Comestibles
 f - 5 rations
 z - a chunk of flesh


   Skills:
 - Level 3.2 Fighting
 - Level 2.0 Axes
 + Level 6.1 Armour
 * Level 8.9 Shields


You had 7 spell levels left.
You didn't know any spells.
Your spell library was empty.

Dungeon Overview and Level Annotations

Branches:
Dungeon (4/15)
 Temple: D:4-7

Altars:
Nemelex Xobeh
Qazlal
Yredelemnul


Innate Abilities, Weirdness & Mutations

You cannot be hasted, slowed, berserked, paralysed or teleported.
You can dig through walls and to a lower floor.
Your four strong arms can wield two-handed weapons with a shield.
You have a pair of large antennae on your head. (SInv)


Message History

You block the orc wizard's attack. The orc wizard barely misses you.
You barely miss the orc wizard.
The orc wizard is lightly wounded.
You block the orc wizard's attack. x2
You closely miss the orc wizard.
The orc wizard is lightly wounded.
You block the orc wizard's attack.
The orc wizard hits you but does no damage.
Your shield prevents you from hitting the orc wizard.
The orc wizard is lightly wounded.
The orc wizard barely misses you.
The orc wizard gestures at you while chanting.
The magic dart hits you!
* * * LOW HITPOINT WARNING * * *
You closely miss the orc wizard.
The orc wizard is lightly wounded.
The orc wizard hits you with a +0 dagger.
* * * LOW HITPOINT WARNING * * *
The orc wizard hits you with a +0 dagger.
You die...

.....{.......#.........
..?{.##.####.#.......##
.... #...........o.....
.%.. #..####.#.......##
.....#..####...........
..............(o......#
.#.........#.##ยง#.##.##
...........#o##.#.# .#
.##.##...#.#@##)#.## #.
#......))))...#
#.........)>.....#
#.##.....#.##.##.# #
#.....#.##.# .#
#.....#.##.# #
.............
##.....#.##.## {
............ {{


You could see an orc wizard.

Vanquished Creatures
  2 ogres
  A bullfrog (D:6)
  A hound (D:6)
  3 orc wizards
  A bullfrog skeleton (D:4)
  2 orc priests
  An iguana (D:4)
  Natasha (D:3)
  Ijyb (D:3)
  2 worker ants (D:4)
  7 adders
  2 oozes
  An adder skeleton (D:4)
  2 worms
  3 dart slugs
  4 leopard geckos
  11 orcs
  2 ball pythons
  7 bats
  6 giant cockroaches
  4 goblins
  8 hobgoblins
  9 jackals
  10 kobolds
  A quokka (D:2)
  5 frilled lizards
  3 rats
  A spectral orc (D:3)
101 creatures vanquished.

Notes
Turn   | Place    | Note
-------+----------+-------------------------------------------
     0 | D:1      | Descartes the Formicid Fighter began the quest for the Orb.
     0 | D:1      | Reached XP level 1. HP: 18/18 MP: 1/1
   115 | D:1      | Reached skill level 4 in Shields
   115 | D:1      | Reached XP level 2. HP: 17/24 MP: 2/2
   594 | D:1      | Reached XP level 3. HP: 22/29 MP: 3/3
   934 | D:2      | Reached skill level 5 in Shields
   988 | D:2      | Reached XP level 4. HP: 32/35 MP: 4/4
  1188 | D:2      | Found a sparkling altar of Nemelex Xobeh.
  1707 | D:3      | Noticed Ijyb
  1715 | D:3      | Reached XP level 5. HP: 35/41 MP: 5/5
  1733 | D:3      | Killed Ijyb
  1733 | D:3      | Reached skill level 6 in Shields
  1937 | D:3      | Found a stormy altar of Qazlal.
  2013 | D:3      | Noticed an ogre
  2020 | D:3      | Killed an ogre
  2020 | D:3      | Reached XP level 6. HP: 22/47 MP: 6/6
  2357 | D:3      | Reached skill level 5 in Armour
  2370 | D:3      | Noticed Natasha
  2380 | D:3      | Killed Natasha
  2380 | D:3      | Reached skill level 7 in Shields
  2682 | D:3      | Found a basalt altar of Yredelemnul.
  2833 | D:4      | Reached XP level 7. HP: 32/52 MP: 7/7
  3275 | D:4      | Reached skill level 8 in Shields
  3548 | D:4      | You fall through a shaft for 2 floors!
  3679 | D:6      | Reached XP level 8. HP: 7/58 MP: 8/8
  3687 | D:6      | HP: 2/58 [orc wizard/magic dart (7)]
  3688 | D:6      | Slain by an orc wizard

Skill      XL: |  1  2  3  4  5  6  7 |
---------------+----------------------+-----
Shields        | 4 5 6 7 8 |  8.9
Armour         | 4 5 6 |  6.1
Fighting       | |  3.2
Axes           | |  2.0

Action                   |  1- 3 |  4- 6 |  7- 9 || total
-------------------------+-------+-------+-------++-------
Melee: War axe           |    84 |   213 |   108 ||   405
  Use: Potion            |       |       |     1 ||     1
  Eat: Chunk             |       |     7 |     3 ||    10
Armor: Scale mail        |    56 |    95 |    43 ||   194
Dodge: Dodged            |    44 |    73 |    33 ||   150
Block: Shield            |    51 |   136 |    67 ||   254
